 Dungeon Crawl Stone Soup version 0.27-a0-965-gbf8bb431c4 (webtiles) character file.

Game seed: 14316794732645508499

401 spiderkeys the Conjurer (level 6, -4/41 HPs)
             Began as an Octopode Conjurer on Apr 12, 2021.
             Slain by a kobold brigand
             ... wielding a +0 short sword
              (7 damage)
             ... on level 5 of the Dungeon.
             The game lasted 00:07:13 (4045 turns).

spiderkeys the Conjurer (Octopode Conjurer)         Turns: 4045, Time: 00:07:14

Health: -4/41      AC:  1    Str: 12    XL:     6   Next: 85%
Magic:  1/10       EV: 13    Int: 22    God:
Gold:   120        SH:  0    Dex: 11    Spells: 8/11 levels left

rFire    + . .     SeeInvis .   f - staff of conjuration
rCold    . . .     Faith    .   (no shield)
rNeg     . . .     Spirit   .   (helmet restricted)
rPois    .         Reflect  .   (no amulet)
rElec    .         Harm     .   e - ring of protection from fire
rCorr    .         Rampage  .   c - +6 ring of strength
Will     .....                  (no ring)
Stlth    +++.......             (no ring)
HPRegen  0.13/turn              (no ring)
MPRegen  0.12/turn              (no ring)
                                (no ring)
                                (no ring)

@: lethally poisoned (-4 -> -5)
A: almost no armour, amphibious, 8 rings, camouflage 1, gelatinous body 1,
(nimble swimmer 1), tentacles
a: no special abilities


You were on level 5 of the Dungeon.
You visited 1 branch of the dungeon, and saw 5 of its levels.

You collected 120 gold pieces.

Inventory:

Hand Weapons
 b - a +0 dagger of electrocution
Missiles
 a - 22 poisoned darts
Magical Staves
 f - a staff of conjuration (weapon)
Jewellery
 c - a +6 ring of strength (right tentacle)
 e - a ring of protection from fire (left tentacle)
 i - an amulet of faith
Wands
 h - a wand of acid (9)
 j - a wand of mindburst (14)
 k - a wand of polymorph (9)
Scrolls
 l - a scroll of enchant weapon {unknown}
 m - a scroll of silence {unknown}
Potions
 d - a potion of brilliance {unknown}
 g - a potion of attraction {unknown}


   Skills:
 + Level 2.5 Fighting
 + Level 3.4 Dodging
 - Level 2.6 Stealth
 + Level 3.1 Spellcasting
 * Level 5.7 Conjurations
 + Level 2.2 Evocations


You had 8 spell levels left.
You knew the following spells:

 Your Spells              Type           Power      Damage    Failure   Level
a - Magic Dart            Conj           100%       1d8       1%          1
b - Searing Ray           Conj           84%        3d6       1%          2

Your spell library contained the following spells:

 Spells                   Type           Power      Damage    Failure   Level
 Dazzling Flash           Conj/Hex       48%        N/A       12%         3
 Confusing Touch          Hex            3%         N/A       36%         3
 Gell's Gravitas          Tloc           1%         N/A       36%         3
 Fulminant Prism          Conj/Hex       12%        3d9       36%         4
 Iskenderun's Mystic Bla  Conj/Tloc      24%        2d7       36%         4
 Petrify                  Tmut/Erth      3%         N/A       77%         4
 Metabolic Englaciation   Hex/Ice        1%         N/A       98%         5
 Yara's Violent Unravell  Hex/Tmut       1%         3d3       98%         5


Dungeon Overview and Level Annotations

Branches:
Dungeon (5/15)
 Temple: D:4-7

Altars:
Gozag

Shops:
D:4 *

Annotations:
D:4 Dowan, Duvessa


Innate Abilities, Weirdness & Mutations

You cannot wear most types of armour.
You are amphibious.
You can wear up to eight rings at the same time.
Your skin changes colour to match your surroundings (Stealth+).
Your rubbery body absorbs attacks. (AC +1, EV +1)
((You are camouflaged near water. (Stealth+)))
You have tentacles for arms and can constrict up to eight enemies at once.


Message History

The poisoned dart hits you!
You are more poisoned.
You feel a surge of power!
The magic dart hits the kobold brigand but does no damage.
The kobold brigand is moderately wounded.
You feel very sick.
You feel a surge of power!
The magic dart hits the kobold brigand.
The kobold brigand is heavily wounded.
You feel sick.
You are too depleted to draw on your mana recklessly!
You are too depleted to draw on your mana recklessly!
Okay, then.
You feel sick.
The kobold brigand hits you with a +0 short sword.
You hit the kobold brigand. Your grab misses the kobold brigand.
You squeeze the kobold brigand.
The kobold brigand is severely wounded.
You feel sick. The kobold hits you with a +0 club.
The kobold brigand barely misses you.
You hit the kobold brigand but do no damage.
Your grab misses the kobold brigand. You squeeze the kobold brigand.
The kobold brigand is severely wounded.
You feel sick. The kobold barely misses you.
The kobold brigand hits you with a +0 short sword!
You hit the kobold brigand but do no damage.
Your grab misses the kobold brigand. You squeeze the kobold brigand.
The kobold brigand is almost dead.
You feel sick. The kobold brigand barely misses you.
The kobold hits you with a +0 club.
* * * LOW HITPOINT WARNING * * *
You closely miss the kobold brigand. Your grab misses the kobold brigand.
You squeeze the kobold brigand, but do no damage.
The kobold brigand is almost dead.
You feel sick. The kobold brigand closely misses you.
The kobold hits you with a +0 club.
* * * LOW HITPOINT WARNING * * *
The kobold hits you with a +0 club.
* * * LOW HITPOINT WARNING * * *
The kobold brigand hits you with a +0 short sword!
You die...

#### ##... ### #...<###
###.## #....###....# ..
#.K@.......## ...
..))..K).......######..#
..###..........#.......#
#.....(.....รท........
...........###.......#
............##.....####
............####.....#
............##.......##
............#.....#


You could see a kobold brigand and a kobold.

Vanquished Creatures
  A black bear (D:5)
  A necrophage (D:5)
  Jessica (D:3)
  2 orc wizards (D:3)
  Robin (D:2)
  3 adders
  An adder zombie (D:5)
  A worm (D:5)
  3 dart slugs
  7 orcs
  7 endoplasms
  15 goblins
  4 hobgoblins
  6 jackals
  6 kobolds
  8 quokkas
  8 ball pythons
  3 bats
  5 frilled lizards
  3 rats
86 creatures vanquished.

Notes
Turn   | Place    | Note
-------+----------+-------------------------------------------
     0 | D:1      | spiderkeys the Octopode Conjurer began the quest for the
                  | Orb.
     0 | D:1      | Reached XP level 1. HP: 11/11 MP: 3/3
   262 | D:1      | Reached XP level 2. HP: 18/18 MP: 1/5
   675 | D:1      | Learned a level 2 spell: Searing Ray
   792 | D:1      | Reached XP level 3. HP: 22/22 MP: 3/6
   933 | D:1      | Reached skill level 1 in Fighting
  1004 | D:2      | Found a faded altar of an unknown god.
  1463 | D:2      | Reached XP level 4. HP: 28/28 MP: 2/7
  1561 | D:2      | Noticed Robin
  1566 | D:2      | Killed Robin
  1610 | D:2      | Reached skill level 1 in Evocations
  2564 | D:3      | Reached XP level 5. HP: 18/34 MP: 6/8
  2627 | D:3      | Reached skill level 5 in Conjurations
  3045 | D:3      | Noticed Jessica
  3053 | D:3      | Killed Jessica
  3382 | D:4      | Noticed Duvessa
  3383 | D:4      | Noticed Dowan
  3388 | D:4      | Noticed an ogre
  3418 | D:4      | Found an opulent altar of Gozag.
  3419 | D:4      | Noticed Dowan
  3419 | D:4      | Dowan changed into Dowan the jelly
  3422 | D:4      | Found Gozag's Platinum Reserve.
  3436 | D:5      | Entered Level 5 of the Dungeon
  3787 | D:5      | Noticed a necrophage
  3801 | D:5      | Killed a necrophage
  3802 | D:5      | Reached XP level 6. HP: 22/40 MP: 1/10
  3951 | D:5      | Noticed a black bear
  3963 | D:5      | Killed a black bear
  4045 | D:5      | Slain by a kobold brigand

Illustrated notes

Levels and vault maps discovered:
D:1:      dpeg_arrival_rooms_a, layout_basic, minmay_pentomino_u2
D:2:      layout_loops_ring, ebering_ecumenical_altar_rust, uniq_robin
D:3:      layout_basic, minmay_large_rounded_square, uniq_jessica
D:4:      layout_rooms, nicolae_gozag_zags_fifth_avenue,
          gammafunk_temple_overflow_statue, uniq_duvessa
D:5:      layout_cave_pools, amcnicky_mini_corridor_feature, st_stairs_9,
          kennysheep_small_circle

Skill      XL: |  1  2  3  4  5 |
---------------+----------------+-----
Fighting       | 1 2 |  2.5
Evocations     | 1 2 |  2.2
Conjurations   | 5 |  5.7
Dodging        | 3 |  3.4
Spellcasting   | 3 |  3.1
Stealth        | |  2.6

Action                   |  1- 3 |  4- 6 || total
-------------------------+-------+-------++-------
Melee: Constrict         |     3 |     7 ||    10
       Tentacles         |     2 |     8 ||    10
       Unarmed           |     1 |       ||     1
       Dagger            |     6 |       ||     6
       Staff             |       |    33 ||    33
Throw: Dart              |     2 |       ||     2
 Cast: Magic Dart        |    55 |   117 ||   172
Evoke: Wand              |       |     1 ||     1
  Use: Scroll            |     3 |     4 ||     7
       Potion            |       |     1 ||     1
 Stab: Sleeping          |     1 |       ||     1
Armor: Skin              |     1 |     2 ||     3
Dodge: Dodged            |    10 |    31 ||    41

Table legend: (Time is in decaauts)
 A = Elapsed time spent in this place.
 B = Non-inter-level travel time spent in this place.
 C = Inter-level travel time spent in this place.
 D = Time resting spent in this place.
 E = Time spent auto-exploring this place.
 F = Levels seen in this place.
 G = Mean time per level.
                   A        B        C        D        E       F      G
               +--------+--------+--------+--------+--------+-----+--------+
         Total |   4047 |   3970 |     77 |    485 |   3041 |   5 |  809.4 |
       Dungeon |   4047 |   3970 |     77 |    485 |   3041 |   5 |  809.4 |
               +--------+--------+--------+--------+--------+-----+--------+

Top non-repeatable levels by time:
     D:2: 1118 daAuts
     D:3: 1014 daAuts
     D:1: 1001 daAuts
     D:5: 609 daAuts
     D:4: 303 daAuts
